Punishers vs High Goats
Created - 3 avril 2013 at 23:27
Goals
|
| Punishers |
0 |
4 |
1 |
5 |
| High Goats |
2 |
1 |
3 |
6 |
|
Shots
|
| Punishers |
7 |
15 |
7 |
29 |
| High Goats |
12 |
15 |
7 |
34 |
|
1st period
1. High Goats , Drayson Bowman 1 (Brendon Segal, Thomas Hickey) at 8:30
2. High Goats , Pavel Brendl 9 (Joël Perrault) at 16:30
Penalties :
No Penalty
2nd period
3. Punishers , Mike Grier 42 (Dave Bolland) at 5:02 (PP)
4. Punishers , Mike Grier 43 (Adam McQuaid, Dave Bolland) at 5:21 (PP)
5. Punishers , Ryan White 7 (Kris Chucko, Adam McQuaid) at 9:06
6. High Goats , Chris Stewart 36 (Anton Stralman, Antti Laaksonen) at 17:43
7. Punishers , Chris Conner 17 (Jimmie Olvestad, Mike Grier) at 19:28
Penalties :
Arturs Kulda (Buc) for High sticking (Minor) at 5:00, Jesse Winchester (Buc) for Holding (Minor) at 5:05, Mark Fraser (Pro) for Hooking (Minor) at 6:56, Joël Perrault (Buc) for Tripping (Minor) at 14:21, Anton Stralman (Buc) for Hooking (Minor) at 19:55
3rd period
8. Punishers , Adam McQuaid 1 (Chris Conner, Viktor Stalberg) at 1:11 (PP)
9. High Goats , Joël Perrault 17 (Jiri Tlusty, Pavel Brendl) at 2:41
10. High Goats , Pavel Brendl 10 (Joël Perrault, Jiri Tlusty) at 4:34
11. High Goats , Joël Perrault 18 (Pavel Brendl) at 16:53
Penalties :
Alyn McCauley (Pro) for Holding (Minor) at 6:30, Drayson Bowman (Buc) for Kneeing (Major) at 8:56, Frederic St-Denis (Buc) for High sticking (Minor) at 14:36, Viktor Stalberg (Pro) for Hooking (Minor) at 19:31
Goalie Stats
Karri Ramo (Pro), 28 saves from 34 shots - (0,824), L, 25-14-3, 60:00 minutes
Al Montoya (Buc), 24 saves from 29 shots - (0,828), W, 10-9-1, 60:00 minutes
Players Stats for Punishers
Player Name G A P +/- PIM S H SB GA TA FO MP PP MP PK MP
------------------------------------------------------------------------------------
Adam McQuaid 1 2 3 -3 0 2 1 0 0 1 0/0 15:57 5:16 0:57
Adam Pineault 0 0 0 -3 0 3 2 0 0 0 1/1 11:09 1:14 0:00
Alyn McCauley 0 0 0 0 2 1 0 0 1 0 10/15 15:38 4:19 0:14
Andrew Bodnarchuk 0 0 0 0 0 0 0 0 0 0 0/0 4:43 0:29 0:00
Chris Conner 1 1 2 0 0 2 1 0 1 0 0/0 15:13 4:21 0:00
Dave Bolland 0 2 2 -2 0 3 2 0 3 0 22/32 21:58 4:52 1:01
Jimmie Olvestad 0 1 1 0 0 0 1 3 0 0 0/0 16:40 4:52 0:54
Justin Falk 0 0 0 0 0 3 1 1 0 1 0/0 23:58 4:11 2:21
Kirk Maltby 0 0 0 -3 0 3 1 0 0 0 0/1 13:56 1:03 2:43
Kris Chucko 0 1 1 1 0 3 1 0 0 0 0/0 8:02 0:06 0:00
Marc-André Bergeron 0 0 0 -1 0 2 3 5 0 2 0/0 29:06 5:19 2:05
Mark Fraser 0 0 0 -2 2 1 2 3 0 0 0/0 21:13 1:36 1:24
Mike Blunden 0 0 0 1 0 0 0 0 0 0 0/0 8:15 0:19 0:00
Mike Grier 2 1 3 -2 0 4 1 0 1 0 3/4 23:49 4:46 2:43
Mike Weber 0 0 0 -2 0 0 1 1 1 1 0/0 23:51 4:11 2:05
Pavel Valentenko 0 0 0 0 0 0 0 1 0 0 0/0 1:12 0:00 0:00
Petteri Nokelainen 0 0 0 -3 0 0 3 0 0 0 2/6 12:18 1:06 1:17
Ryan White 1 0 1 1 0 1 0 0 0 0 0/3 8:10 0:14 0:00
Stu Bickel 0 0 0 0 0 0 0 0 0 0 0/0 0:00 0:00 0:00
Viktor Stalberg 0 1 1 -2 2 1 1 1 1 0 1/3 20:23 4:21 0:00
Players Stats for High Goats
Player Name G A P +/- PIM S H SB GA TA FO MP PP MP PK MP
------------------------------------------------------------------------------------
Anton Stralman 0 1 1 2 2 2 0 1 0 2 0/0 27:54 2:43 4:15
Antti Laaksonen 0 1 1 1 0 3 2 1 0 0 0/2 22:04 1:53 3:37
Arturs Kulda 0 0 0 3 2 1 1 0 0 2 0/0 20:10 1:43 3:44
Brandon Bollig 0 0 0 0 0 0 1 0 0 0 0/0 11:21 0:00 0:40
Brendon Segal 0 1 1 0 0 0 2 0 0 0 1/2 7:47 1:19 0:00
Chris Stewart 1 0 1 1 0 3 1 0 0 1 0/2 23:50 1:58 5:10
Craig Weller 0 0 0 0 0 0 0 0 1 0 0/0 13:30 0:03 2:22
Drayson Bowman 1 0 1 0 5 2 0 0 0 0 0/0 6:49 0:00 0:00
Frederic St-Denis 0 0 0 -1 2 0 0 1 0 0 0/0 12:25 0:00 3:04
Jesse Winchester 0 0 0 1 2 3 2 1 0 0 13/34 22:33 1:11 4:49
Jiri Tlusty 0 2 2 3 0 1 0 0 0 0 1/1 15:22 2:02 2:32
Joël Perrault 2 2 4 3 2 6 0 0 0 0 6/13 14:35 2:16 1:12
Matt Taormina 0 0 0 -1 0 1 0 1 0 1 0/0 11:12 0:00 1:50
Nick Bonino 0 0 0 0 0 2 0 1 1 0 4/9 11:17 0:34 0:00
Pavel Brendl 2 2 4 3 0 6 3 0 1 0 0/0 12:50 2:02 0:00
Petteri Wirtanen 0 0 0 0 0 1 1 0 0 0 1/2 7:20 0:00 0:40
Sami Lepisto 0 0 0 2 0 3 3 1 2 1 0/0 29:11 2:43 5:31
Thomas Hickey 0 1 1 3 0 0 0 5 0 1 0/0 19:13 1:43 2:38
3 Stars
1 - Pavel Brendl (Buc)
2 - Joël Perrault (Buc)
3 - Mike Grier (Pro)
Power Play
Punishers - 3 on 6 Attempt(s) - 50,00%
High Goats - 0 on 3 Attempt(s) - 0,00%
Penalty Kill
Punishers - 3 on 3 Attempt(s) - 100,00%
- Score 0 goal in Penalty Kill
High Goats - 3 on 6 Attempt(s) - 50,00%
- Score 0 goal in Penalty Kill
Official
Referees : Charron Francis and Auger Stephane
Linesman : Brad Kovachik and Steve Miller
Game Notes
Pavel Valentenko is injured at 2:51 of 1st period (Left Leg)
Punishers
5 vs 5 Forward
Center Left Wing Right Wing Time % Phy DF OF
1 Dave Bolland Viktor Stalberg Mike Grier 40 0 2 3
2 Alyn McCauley Jimmie Olvestad Chris Conner 30 1 2 2
3 Petteri Nokelainen Kirk Maltby Adam Pineault 20 1 2 2
4 Ryan White Kris Chucko Mike Blunden 10 1 2 2
5 vs 5 Defense
Defense Defense Time % Phy DF OF
1 Marc-André Bergeron Mark Fraser 40 1 2 2
2 Justin Falk Mike Weber 30 1 2 2
3 Adam McQuaid Pavel Valentenko 20 1 2 2
4 Marc-André Bergeron Andrew Bodnarchuk 10 1 2 2
PowerPlay Forward
Center Left Wing Right Wing Time % Phy DF OF
1 Dave Bolland Jimmie Olvestad Mike Grier 60 1 2 2
2 Alyn McCauley Viktor Stalberg Chris Conner 40 1 2 2
PowerPlay Defense
Defense Defense Time % Phy DF OF
1 Marc-André Bergeron Adam McQuaid 60 1 2 2
2 Justin Falk Mike Weber 40 1 2 2
Penalty Kill 4 Players Forward
Center Wing Time % Phy DF OF
1 Mike Grier Kirk Maltby 60 1 2 2
2 Dave Bolland Petteri Nokelainen 40 1 2 2
Penalty Kill 4 Players Defense
Defense Defense Time % Phy DF OF
1 Mark Fraser Justin Falk 60 1 2 2
2 Marc-André Bergeron Mike Weber 40 1 2 2
Penalty Kill - 3 Players Forward
Forward Time % Phy DF OF
1 Kirk Maltby 60 1 2 2
2 Alyn McCauley 40 1 2 2
Penalty Kill - 3 Players Defense
Defense Defense Time % Phy DF OF
1 Marc-André Bergeron Adam McQuaid 60 1 2 2
2 Mark Fraser Mike Weber 40 1 2 2
4 vs 4 Forward
Center Wing Time % Phy DF OF
1 Dave Bolland Viktor Stalberg 60 1 2 2
2 Mike Grier Jimmie Olvestad 40 1 2 2
4 vs 4 Defense
Defense Defense Time % Phy DF OF
1 Marc-André Bergeron Justin Falk 60 1 2 2
2 Adam McQuaid Mike Weber 40 1 2 2
Last Minutes Offensive
Center Left Wing Right Wing Defense Defense
Dave Bolland Viktor Stalberg Mike Grier Marc-André Bergeron Adam McQuaid
Last Minutes Defensive
Center Left Wing Right Wing Defense Defense
Alyn McCauley Kirk Maltby Mike Grier Mark Fraser Marc-André Bergeron
Goaltenders
Starting : Karri Ramo
Backup : Curtis McElhinney
Extra Forwards
Normal : Adam Pineault, Viktor Stalberg, Petteri Nokelainen - PP : Adam Pineault, Petteri Nokelainen - PK : Petteri Nokelainen
Extra Defensemen
Normal : Adam McQuaid, Justin Falk, Pavel Valentenko - PP : Adam McQuaid - PK : Justin Falk, Pavel Valentenko
Penalty Shots
Mike Grier, Alyn McCauley, Dave Bolland, Jimmie Olvestad, Viktor Stalberg
High Goats
5 vs 5 Forward
Center Left Wing Right Wing Time % Phy DF OF
1 Jesse Winchester Antti Laaksonen Chris Stewart 40 1 2 2
2 Joël Perrault Jiri Tlusty Pavel Brendl 30 1 2 2
3 Nick Bonino Brandon Bollig Craig Weller 20 1 2 2
4 Petteri Wirtanen Drayson Bowman Brendon Segal 10 1 2 2
5 vs 5 Defense
Defense Defense Time % Phy DF OF
1 Sami Lepisto Anton Stralman 40 1 2 2
2 Thomas Hickey Arturs Kulda 30 1 2 2
3 Frederic St-Denis Matt Taormina 20 1 2 2
4 Sami Lepisto Anton Stralman 10 1 2 2
PowerPlay Forward
Center Left Wing Right Wing Time % Phy DF OF
1 Joël Perrault Antti Laaksonen Chris Stewart 60 1 2 2
2 Jesse Winchester Jiri Tlusty Pavel Brendl 40 1 2 2
PowerPlay Defense
Defense Defense Time % Phy DF OF
1 Sami Lepisto Anton Stralman 60 1 2 2
2 Thomas Hickey Arturs Kulda 40 1 2 2
Penalty Kill 4 Players Forward
Center Wing Time % Phy DF OF
1 Jesse Winchester Chris Stewart 60 1 2 2
2 Antti Laaksonen Craig Weller 40 1 2 2
Penalty Kill 4 Players Defense
Defense Defense Time % Phy DF OF
1 Sami Lepisto Anton Stralman 60 1 2 2
2 Frederic St-Denis Arturs Kulda 40 1 2 2
Penalty Kill - 3 Players Forward
Forward Time % Phy DF OF
1 Pavel Brendl 60 1 2 2
2 Chris Stewart 40 1 2 2
Penalty Kill - 3 Players Defense
Defense Defense Time % Phy DF OF
1 Sami Lepisto Anton Stralman 60 1 2 2
2 Frederic St-Denis Arturs Kulda 40 1 2 2
4 vs 4 Forward
Center Wing Time % Phy DF OF
1 Jesse Winchester Chris Stewart 60 1 2 2
2 Joël Perrault Craig Weller 40 1 2 2
4 vs 4 Defense
Defense Defense Time % Phy DF OF
1 Sami Lepisto Anton Stralman 60 1 2 2
2 Thomas Hickey Arturs Kulda 40 1 2 2
Last Minutes Offensive
Center Left Wing Right Wing Defense Defense
Jesse Winchester Antti Laaksonen Chris Stewart Sami Lepisto Anton Stralman
Last Minutes Defensive
Center Left Wing Right Wing Defense Defense
Jesse Winchester Antti Laaksonen Chris Stewart Sami Lepisto Anton Stralman
Goaltenders
Starting : Al Montoya
Backup : Jean-Sébastien Aubin
Extra Forwards
Normal : Brendon Segal, Nick Bonino, Jiri Tlusty - PP : Brendon Segal, Nick Bonino - PK : Jiri Tlusty
Extra Defensemen
Normal : Frederic St-Denis, Thomas Hickey, Matt Taormina - PP : Frederic St-Denis - PK : Thomas Hickey, Matt Taormina
Penalty Shots
Pavel Brendl, Chris Stewart, Antti Laaksonen, Craig Weller, Joël Perrault
% Time on Ice - Punishers
Lines # - Real PCT - Wanted PCT - Time Play
Normal Forward
1 - 36% - 40% - 15:49
2 - 24% - 30% - 10:52
3 - 22% - 20% - 9:55
4 - 18% - 10% - 7:56
Normal Defense
1 - 40% - 40% - 18:01
2 - 33% - 30% - 14:30
3 - 19% - 20% - 8:16
4 - 8% - 10% - 3:45
PP Forward
1 - 57% - 60% - 6:02
2 - 43% - 40% - 4:29
PP Defense
1 - 60% - 60% - 6:20
2 - 40% - 40% - 4:11
PK Forward
1 - 82% - 60% - 3:37
2 - 18% - 40% - 0:49
PK Defense
1 - 53% - 60% - 2:21
2 - 47% - 40% - 2:05
PK3 Forward
1 - 0% - 60%
2 - 0% - 40%
PK3 Defense
1 - 0% - 60%
2 - 0% - 40%
44 Forward
1 - 0% - 60%
2 - 0% - 40%
44 Defense
1 - 0% - 60%
2 - 0% - 40%
Last Minute Offensive - 0:31
Last Minute Defensive - 0:00
Total
Forward - 60:00
Defense - 60:00
|
% Time on Ice - High Goats
Lines # - Real PCT - Wanted PCT - Time Play
Normal Forward
1 - 36% - 40% - 15:57
2 - 25% - 30% - 10:58
3 - 24% - 20% - 10:41
4 - 15% - 10% - 6:40
Normal Defense
1 - 42% - 40% - 18:30
2 - 32% - 30% - 14:14
3 - 21% - 20% - 9:14
4 - 5% - 10% - 2:18
PP Forward
1 - 54% - 60% - 2:24
2 - 46% - 40% - 2:02
PP Defense
1 - 61% - 60% - 2:43
2 - 39% - 40% - 1:43
PK Forward
1 - 77% - 60% - 8:09
2 - 23% - 40% - 2:22
PK Defense
1 - 62% - 60% - 6:34
2 - 38% - 40% - 3:57
PK3 Forward
1 - 0% - 60%
2 - 0% - 40%
PK3 Defense
1 - 0% - 60%
2 - 0% - 40%
44 Forward
1 - 0% - 60%
2 - 0% - 40%
44 Defense
1 - 0% - 60%
2 - 0% - 40%
Last Minute Offensive - 0:00
Last Minute Defensive - 0:47
Total
Forward - 60:00
Defense - 60:00
|
Play by Play
1st period
0:01 of 1st period - Dave Bolland wins face-off versus Jesse Winchester in neutral zone.
0:20 of 1st period - Sami Lepisto is hit by Mark Fraser and loses puck.
1:39 of 1st period - Off-side.
1:40 of 1st period - Joël Perrault wins face-off versus Alyn McCauley in neutral zone.
1:51 of 1st period - Backhand shot by Joël Perrault.
1:51 of 1st period - Stopped by Karri Ramo with a rebound.
1:53 of 1st period - Wrist shot by Pavel Brendl.
1:53 of 1st period - Stopped by Karri Ramo without a rebound.
1:54 of 1st period - Dave Bolland wins face-off versus Jesse Winchester in Punishers zone.
1:59 of 1st period - Off-side.
2:00 of 1st period - Dave Bolland wins face-off versus Jesse Winchester in neutral zone.
2:11 of 1st period - Snap shot by Mike Grier.
2:11 of 1st period - Shot Misses the Net.
2:35 of 1st period - Snap shot by Jiri Tlusty.
2:35 of 1st period - Shot Misses the Net.
2:51 of 1st period - Slapshot by Anton Stralman.
2:51 of 1st period - Shot Blocked by Pavel Valentenko.
2:51 of 1st period - Pavel Valentenko from Punishers is injured at 2:51 of 1st period (Left Leg).
2:52 of 1st period - Alyn McCauley wins face-off versus Nick Bonino in Punishers zone.
3:14 of 1st period - Icing by Anton Stralman.
3:15 of 1st period - Nick Bonino wins face-off versus Dave Bolland in High Goats zone.
3:15 of 1st period - Nick Bonino is hit by Viktor Stalberg.
3:29 of 1st period - Marc-André Bergeron is hit by Sami Lepisto and loses puck.
3:42 of 1st period - Arturs Kulda is hit by Marc-André Bergeron and loses puck.
4:03 of 1st period - Slapshot by Marc-André Bergeron.
4:03 of 1st period - Stopped by Al Montoya without a rebound.
4:04 of 1st period - Nick Bonino wins face-off versus Ryan White in High Goats zone.
4:11 of 1st period - Wrist shot by Nick Bonino.
4:11 of 1st period - Shot Misses the Net.
4:23 of 1st period - Snap shot by Nick Bonino.
4:23 of 1st period - Stopped by Karri Ramo with a rebound.
4:25 of 1st period - Wrist shot by Craig Weller.
4:25 of 1st period - Shot Misses the Net.
4:27 of 1st period - Slapshot by Sami Lepisto.
4:27 of 1st period - Stopped by Karri Ramo with a rebound.
4:47 of 1st period - Wrist shot by Anton Stralman.
4:47 of 1st period - Shot Blocked by Justin Falk.
4:49 of 1st period - Slapshot by Matt Taormina.
4:49 of 1st period - Deflect By Craig Weller.
4:49 of 1st period - Shot Blocked by Mike Weber.
4:49 of 1st period - Puck is out of play.
4:50 of 1st period - Jesse Winchester wins face-off versus Dave Bolland in Punishers zone.
5:05 of 1st period - Snap shot by Chris Stewart.
5:05 of 1st period - Shot Blocked by Marc-André Bergeron.
5:15 of 1st period - Frederic St-Denis is hit by Petteri Nokelainen and loses puck.
5:26 of 1st period - Slapshot by Kirk Maltby.
5:26 of 1st period - Deflect By Frederic St-Denis.
5:26 of 1st period - Stopped by Al Montoya with a rebound.
5:28 of 1st period - Snap shot by Kirk Maltby.
5:28 of 1st period - Shot Misses the Net.
6:49 of 1st period - Wrist shot by Pavel Brendl.
6:49 of 1st period - Stopped by Karri Ramo with a rebound.
7:05 of 1st period - Mark Fraser is hit by Petteri Wirtanen and loses puck.
7:33 of 1st period - Mike Grier is hit by Antti Laaksonen and loses puck.
8:08 of 1st period - Anton Stralman is hit by Mike Weber and loses puck.
8:28 of 1st period - Snap shot by Brendon Segal.
8:28 of 1st period - Shot Misses the Net.
8:30 of 1st period - Snap shot by Drayson Bowman.
8:30 of 1st period - Goal by Drayson Bowman - Punishers : 0 - High Goats : 1.
8:31 of 1st period - Viktor Stalberg wins face-off versus Jesse Winchester in neutral zone.
9:03 of 1st period - Snap shot by Adam Pineault.
9:03 of 1st period - Stopped by Al Montoya without a rebound.
9:04 of 1st period - Adam Pineault wins face-off versus Joël Perrault in High Goats zone.
9:11 of 1st period - Slapshot by Adam Pineault.
9:11 of 1st period - Shot Misses the Net.
9:57 of 1st period - Snap shot by Chris Stewart.
9:57 of 1st period - Stopped by Karri Ramo with a rebound.
10:45 of 1st period - Snap shot by Mike Weber.
10:45 of 1st period - Shot Blocked by Frederic St-Denis.
11:11 of 1st period - Slapshot by Jesse Winchester.
11:11 of 1st period - Shot Misses the Net.
11:13 of 1st period - Slapshot by Matt Taormina.
11:13 of 1st period - Stopped by Karri Ramo without a rebound.
11:14 of 1st period - Dave Bolland wins face-off versus Joël Perrault in Punishers zone.
11:23 of 1st period - Mike Weber is hit by Pavel Brendl and loses puck.
11:45 of 1st period - Backhand shot by Chris Stewart.
11:45 of 1st period - Stopped by Karri Ramo with a rebound.
12:01 of 1st period - Arturs Kulda is hit by Kirk Maltby and loses puck.
12:51 of 1st period - Slapshot by Jesse Winchester.
12:51 of 1st period - Shot Blocked by Marc-André Bergeron.
13:03 of 1st period - Frederic St-Denis is hit by Marc-André Bergeron and loses puck.
13:08 of 1st period - Wrist shot by Alyn McCauley.
13:08 of 1st period - Shot Misses the Net.
13:26 of 1st period - Snap shot by Adam Pineault.
13:26 of 1st period - Shot Misses the Net.
13:28 of 1st period - Snap shot by Adam Pineault.
13:28 of 1st period - Stopped by Al Montoya without a rebound.
13:29 of 1st period - Mike Grier wins face-off versus Nick Bonino in High Goats zone.
13:30 of 1st period - Wrist shot by Dave Bolland.
13:30 of 1st period - Stopped by Al Montoya without a rebound.
13:31 of 1st period - Dave Bolland wins face-off versus Jesse Winchester in High Goats zone.
13:56 of 1st period - Off-side.
13:57 of 1st period - Joël Perrault wins face-off versus Alyn McCauley in neutral zone.
14:42 of 1st period - Off-side.
14:43 of 1st period - Petteri Wirtanen wins face-off versus Petteri Nokelainen in neutral zone.
14:48 of 1st period - Kirk Maltby is hit by Brendon Segal and loses puck.
15:22 of 1st period - Slapshot by Petteri Wirtanen.
15:22 of 1st period - Stopped by Karri Ramo without a rebound.
15:23 of 1st period - Dave Bolland wins face-off versus Jesse Winchester in Punishers zone.
15:59 of 1st period - Snap shot by Nick Bonino.
15:59 of 1st period - Stopped by Karri Ramo without a rebound.
16:00 of 1st period - Alyn McCauley wins face-off versus Nick Bonino in Punishers zone.
16:30 of 1st period - Slapshot by Pavel Brendl.
16:30 of 1st period - Goal by Pavel Brendl - Punishers : 0 - High Goats : 2.
16:31 of 1st period - Dave Bolland wins face-off versus Chris Stewart in neutral zone.
16:35 of 1st period - Snap shot by Dave Bolland.
16:35 of 1st period - Stopped by Al Montoya without a rebound.
16:36 of 1st period - Jesse Winchester wins face-off versus Viktor Stalberg in High Goats zone.
17:02 of 1st period - Off-side.
17:03 of 1st period - Alyn McCauley wins face-off versus Joël Perrault in neutral zone.
18:07 of 1st period - Icing by Nick Bonino.
18:08 of 1st period - Nick Bonino wins face-off versus Ryan White in High Goats zone.
19:03 of 1st period - Wrist shot by Petteri Wirtanen.
19:03 of 1st period - Shot Misses the Net.
19:05 of 1st period - Snap shot by Brendon Segal.
19:05 of 1st period - Shot Misses the Net.
19:41 of 1st period - Snap shot by Adam Pineault.
19:41 of 1st period - Stopped by Al Montoya with a rebound.
19:43 of 1st period - Snap shot by Adam Pineault.
19:43 of 1st period - Shot Misses the Net.
2nd period
0:01 of 2nd period - Jesse Winchester wins face-off versus Dave Bolland in neutral zone.
0:28 of 2nd period - Snap shot by Nick Bonino.
0:28 of 2nd period - Shot Blocked by Mark Fraser.
0:30 of 2nd period - Slapshot by Arturs Kulda.
0:30 of 2nd period - Stopped by Karri Ramo with a rebound.
0:55 of 2nd period - Slapshot by Joël Perrault.
0:55 of 2nd period - Shot Blocked by Mark Fraser.
0:57 of 2nd period - Snap shot by Joël Perrault.
0:57 of 2nd period - Shot Misses the Net.
0:59 of 2nd period - Slapshot by Thomas Hickey.
0:59 of 2nd period - Deflect By Pavel Brendl.
0:59 of 2nd period - Stopped by Karri Ramo without a rebound.
1:00 of 2nd period - Alyn McCauley wins face-off versus Jesse Winchester in Punishers zone.
1:11 of 2nd period - Wrist shot by Alyn McCauley.
1:11 of 2nd period - Stopped by Al Montoya with a rebound.
1:13 of 2nd period - Slapshot by Justin Falk.
1:13 of 2nd period - Stopped by Al Montoya without a rebound.
1:14 of 2nd period - Alyn McCauley wins face-off versus Joël Perrault in High Goats zone.
1:44 of 2nd period - Adam Pineault is hit by Jesse Winchester and loses puck.
2:25 of 2nd period - Snap shot by Dave Bolland.
2:25 of 2nd period - Stopped by Al Montoya with a rebound.
2:37 of 2nd period - Chris Conner is hit by Pavel Brendl and loses puck.
2:56 of 2nd period - Slapshot by Antti Laaksonen.
2:56 of 2nd period - Deflect By Jesse Winchester.
2:56 of 2nd period - Stopped by Karri Ramo with a rebound.
3:02 of 2nd period - Chris Stewart is hit by Adam Pineault and loses puck.
3:21 of 2nd period - Wrist shot by Craig Weller.
3:21 of 2nd period - Shot Misses the Net.
3:37 of 2nd period - Snap shot by Mike Grier.
3:37 of 2nd period - Shot Blocked by Matt Taormina.
4:47 of 2nd period - Snap shot by Antti Laaksonen.
4:47 of 2nd period - Shot Misses the Net.
4:49 of 2nd period - Wrist shot by Antti Laaksonen.
4:49 of 2nd period - Stopped by Karri Ramo without a rebound.
4:50 of 2nd period - Dave Bolland wins face-off versus Joël Perrault in Punishers zone.
4:50 of 2nd period - Dave Bolland is hit by Arturs Kulda.
4:53 of 2nd period - Icing by Mike Grier.
4:54 of 2nd period - Joël Perrault wins face-off versus Dave Bolland in Punishers zone.
5:00 of 2nd period - Minor Penalty to Arturs Kulda for High sticking.
5:01 of 2nd period - Dave Bolland wins face-off versus Jesse Winchester in High Goats zone.
5:02 of 2nd period - Snap shot by Mike Grier.
5:02 of 2nd period - Goal by Mike Grier - Punishers : 1 - High Goats : 2.
5:03 of 2nd period - Dave Bolland wins face-off versus Jesse Winchester in neutral zone.
5:05 of 2nd period - Minor Penalty to Jesse Winchester for Holding.
5:06 of 2nd period - Jiri Tlusty wins face-off versus Dave Bolland in High Goats zone.
5:19 of 2nd period - Snap shot by Dave Bolland.
5:19 of 2nd period - Shot Misses the Net.
5:21 of 2nd period - Wrist shot by Adam McQuaid.
5:21 of 2nd period - Deflect By Mike Grier.
5:21 of 2nd period - Goal by Mike Grier - Punishers : 2 - High Goats : 2.
5:22 of 2nd period - Dave Bolland wins face-off versus Jesse Winchester in neutral zone.
5:49 of 2nd period - Snap shot by Drayson Bowman.
5:49 of 2nd period - Shot Blocked by Viktor Stalberg.
5:51 of 2nd period - Snap shot by Arturs Kulda.
5:51 of 2nd period - Shot Blocked by Marc-André Bergeron.
5:53 of 2nd period - Slapshot by Arturs Kulda.
5:53 of 2nd period - Deflect By Drayson Bowman.
5:53 of 2nd period - Shot Misses the Net.
5:53 of 2nd period - Puck is out of play.
5:54 of 2nd period - Alyn McCauley wins face-off versus Petteri Wirtanen in Punishers zone.
6:01 of 2nd period - Snap shot by Chris Conner.
6:01 of 2nd period - Shot Misses the Net.
6:32 of 2nd period - Slapshot by Sami Lepisto.
6:32 of 2nd period - Deflect By Mike Weber.
6:32 of 2nd period - Stopped by Karri Ramo with a rebound.
6:34 of 2nd period - Slapshot by Anton Stralman.
6:34 of 2nd period - Shot Misses the Net.
6:36 of 2nd period - Slapshot by Sami Lepisto.
6:36 of 2nd period - Stopped by Karri Ramo without a rebound.
6:37 of 2nd period - Dave Bolland wins face-off versus Jesse Winchester in Punishers zone.
6:37 of 2nd period - Dave Bolland is hit by Jesse Winchester.
6:56 of 2nd period - Minor Penalty to Mark Fraser for Hooking.
6:57 of 2nd period - Mike Grier wins face-off versus Joël Perrault in Punishers zone.
8:00 of 2nd period - Dave Bolland is hit by Antti Laaksonen.
8:12 of 2nd period - Slapshot by Jimmie Olvestad.
8:12 of 2nd period - Shot Misses the Net.
8:56 of 2nd period - Penalty to Mark Fraser is over, Mark Fraser is back on ice.
9:06 of 2nd period - Slapshot by Ryan White.
9:06 of 2nd period - Goal by Ryan White - Punishers : 3 - High Goats : 2.
9:07 of 2nd period - Joël Perrault wins face-off versus Alyn McCauley in neutral zone.
9:10 of 2nd period - Wrist shot by Jiri Tlusty.
9:10 of 2nd period - Shot Misses the Net.
9:12 of 2nd period - Backhand shot by Joël Perrault.
9:12 of 2nd period - Stopped by Karri Ramo with a rebound.
9:16 of 2nd period - Snap shot by Pavel Brendl.
9:16 of 2nd period - Shot Blocked by Jimmie Olvestad.
9:18 of 2nd period - Snap shot by Jiri Tlusty.
9:18 of 2nd period - Stopped by Karri Ramo without a rebound.
9:19 of 2nd period - Dave Bolland wins face-off versus Jesse Winchester in Punishers zone.
9:44 of 2nd period - Alyn McCauley is hit by Pavel Brendl and loses puck.
9:52 of 2nd period - Off-side.
9:53 of 2nd period - Dave Bolland wins face-off versus Joël Perrault in neutral zone.
11:03 of 2nd period - Slapshot by Anton Stralman.
11:03 of 2nd period - Deflect By Drayson Bowman.
11:03 of 2nd period - Stopped by Karri Ramo with a rebound.
11:11 of 2nd period - Slapshot by Sami Lepisto.
11:11 of 2nd period - Deflect By Petteri Wirtanen.
11:11 of 2nd period - Shot Misses the Net.
11:11 of 2nd period - Puck is out of play.
11:12 of 2nd period - Alyn McCauley wins face-off versus Jesse Winchester in Punishers zone.
11:38 of 2nd period - Sami Lepisto is hit by Adam McQuaid and loses puck.
13:06 of 2nd period - Slapshot by Joël Perrault.
13:06 of 2nd period - Stopped by Karri Ramo with a rebound.
13:08 of 2nd period - Snap shot by Pavel Brendl.
13:08 of 2nd period - Stopped by Karri Ramo with a rebound.
13:10 of 2nd period - Snap shot by Joël Perrault.
13:10 of 2nd period - Stopped by Karri Ramo with a rebound.
13:21 of 2nd period - Icing by Justin Falk.
13:22 of 2nd period - Nick Bonino wins face-off versus Ryan White in Punishers zone.
13:44 of 2nd period - Craig Weller is hit by Justin Falk and loses puck.
13:49 of 2nd period - Wrist shot by Kris Chucko.
13:49 of 2nd period - Stopped by Al Montoya with a rebound.
13:51 of 2nd period - Snap shot by Justin Falk.
13:51 of 2nd period - Shot Blocked by Nick Bonino.
13:53 of 2nd period - Slapshot by Justin Falk.
13:53 of 2nd period - Stopped by Al Montoya with a rebound.
13:55 of 2nd period - Wrist shot by Justin Falk.
13:55 of 2nd period - Stopped by Al Montoya without a rebound.
13:56 of 2nd period - Jesse Winchester wins face-off versus Viktor Stalberg in High Goats zone.
14:03 of 2nd period - Slapshot by Chris Stewart.
14:03 of 2nd period - Shot Blocked by Marc-André Bergeron.
14:11 of 2nd period - Snap shot by Dave Bolland.
14:11 of 2nd period - Shot Misses the Net.
14:21 of 2nd period - Minor Penalty to Joël Perrault for Tripping.
14:22 of 2nd period - Jesse Winchester wins face-off versus Dave Bolland in High Goats zone.
14:37 of 2nd period - Slapshot by Mike Grier.
14:37 of 2nd period - Stopped by Al Montoya with a rebound.
15:46 of 2nd period - Arturs Kulda is hit by Dave Bolland and loses puck.
15:58 of 2nd period - Icing by Justin Falk.
15:59 of 2nd period - Alyn McCauley wins face-off versus Chris Stewart in Punishers zone.
16:21 of 2nd period - Penalty to Joël Perrault is over, Joël Perrault is back on ice.
16:43 of 2nd period - Adam McQuaid is hit by Brendon Segal and loses puck.
17:00 of 2nd period - Jiri Tlusty is hit by Kris Chucko and loses puck.
17:05 of 2nd period - Snap shot by Kris Chucko.
17:05 of 2nd period - Stopped by Al Montoya with a rebound.
17:07 of 2nd period - Slapshot by Mark Fraser.
17:07 of 2nd period - Stopped by Al Montoya with a rebound.
17:39 of 2nd period - Snap shot by Antti Laaksonen.
17:39 of 2nd period - Shot Misses the Net.
17:41 of 2nd period - Slapshot by Anton Stralman.
17:41 of 2nd period - Shot Blocked by Jimmie Olvestad.
17:43 of 2nd period - Snap shot by Chris Stewart.
17:43 of 2nd period - Goal by Chris Stewart - Punishers : 3 - High Goats : 3.
17:44 of 2nd period - Jesse Winchester wins face-off versus Alyn McCauley in neutral zone.
17:55 of 2nd period - Slapshot by Chris Stewart.
17:55 of 2nd period - Shot Blocked by Jimmie Olvestad.
17:57 of 2nd period - Slapshot by Sami Lepisto.
17:57 of 2nd period - Shot Blocked by Marc-André Bergeron.
17:59 of 2nd period - Slapshot by Anton Stralman.
17:59 of 2nd period - Stopped by Karri Ramo with a rebound.
18:34 of 2nd period - Slapshot by Anton Stralman.
18:34 of 2nd period - Stopped by Karri Ramo without a rebound.
18:35 of 2nd period - Petteri Nokelainen wins face-off versus Nick Bonino in Punishers zone.
18:50 of 2nd period - Snap shot by Kirk Maltby.
18:50 of 2nd period - Shot Blocked by Thomas Hickey.
18:52 of 2nd period - Snap shot by Petteri Nokelainen.
18:52 of 2nd period - Shot Blocked by Thomas Hickey.
18:54 of 2nd period - Slapshot by Marc-André Bergeron.
18:54 of 2nd period - Shot Blocked by Thomas Hickey.
18:56 of 2nd period - Wrist shot by Marc-André Bergeron.
18:56 of 2nd period - Stopped by Al Montoya without a rebound.
18:57 of 2nd period - Dave Bolland wins face-off versus Jesse Winchester in High Goats zone.
19:08 of 2nd period - Snap shot by Mike Grier.
19:08 of 2nd period - Shot Misses the Net.
19:26 of 2nd period - Snap shot by Chris Conner.
19:26 of 2nd period - Stopped by Al Montoya with a rebound.
19:28 of 2nd period - Snap shot by Chris Conner.
19:28 of 2nd period - Goal by Chris Conner - Punishers : 4 - High Goats : 3.
19:29 of 2nd period - Dave Bolland wins face-off versus Jesse Winchester in neutral zone.
19:39 of 2nd period - Off-side.
19:40 of 2nd period - Dave Bolland wins face-off versus Jesse Winchester in neutral zone.
19:40 of 2nd period - Dave Bolland is hit by Chris Stewart.
19:55 of 2nd period - Minor Penalty to Anton Stralman for Hooking.
19:56 of 2nd period - Jesse Winchester wins face-off versus Dave Bolland in High Goats zone.
3rd period
0:01 of 3rd period - Jesse Winchester wins face-off versus Dave Bolland in neutral zone.
0:31 of 3rd period - Backhand shot by Adam McQuaid.
0:31 of 3rd period - Stopped by Al Montoya without a rebound.
0:32 of 3rd period - Dave Bolland wins face-off versus Antti Laaksonen in High Goats zone.
0:33 of 3rd period - Snap shot by Mike Grier.
0:33 of 3rd period - Stopped by Al Montoya without a rebound.
0:34 of 3rd period - Dave Bolland wins face-off versus Antti Laaksonen in High Goats zone.
0:43 of 3rd period - Snap shot by Mike Grier.
0:43 of 3rd period - Shot Blocked by Thomas Hickey.
1:09 of 3rd period - Snap shot by Chris Conner.
1:09 of 3rd period - Shot Blocked by Thomas Hickey.
1:11 of 3rd period - Snap shot by Adam McQuaid.
1:11 of 3rd period - Goal by Adam McQuaid - Punishers : 5 - High Goats : 3.
1:12 of 3rd period - Dave Bolland wins face-off versus Jesse Winchester in neutral zone.
1:37 of 3rd period - Marc-André Bergeron is hit by Sami Lepisto and loses puck.
1:42 of 3rd period - Backhand shot by Craig Weller.
1:42 of 3rd period - Shot Misses the Net.
1:44 of 3rd period - Backhand shot by Nick Bonino.
1:44 of 3rd period - Shot Misses the Net.
2:04 of 3rd period - Slapshot by Kirk Maltby.
2:04 of 3rd period - Stopped by Al Montoya without a rebound.
2:05 of 3rd period - Jesse Winchester wins face-off versus Petteri Nokelainen in High Goats zone.
2:39 of 3rd period - Snap shot by Joël Perrault.
2:39 of 3rd period - Shot Misses the Net.
2:41 of 3rd period - Slapshot by Jiri Tlusty.
2:41 of 3rd period - Deflect By Joël Perrault.
2:41 of 3rd period - Goal by Joël Perrault - Punishers : 5 - High Goats : 4.
2:42 of 3rd period - Dave Bolland wins face-off versus Jesse Winchester in neutral zone.
2:53 of 3rd period - Slapshot by Marc-André Bergeron.
2:53 of 3rd period - Shot Blocked by Antti Laaksonen.
3:36 of 3rd period - Slapshot by Marc-André Bergeron.
3:36 of 3rd period - Shot Misses the Net.
4:09 of 3rd period - Chris Stewart is hit by Jimmie Olvestad.
4:34 of 3rd period - Wrist shot by Pavel Brendl.
4:34 of 3rd period - Goal by Pavel Brendl - Punishers : 5 - High Goats : 5.
4:35 of 3rd period - Jesse Winchester wins face-off versus Dave Bolland in neutral zone.
4:35 of 3rd period - Jesse Winchester is hit by Dave Bolland.
4:40 of 3rd period - Sami Lepisto is hit by Mark Fraser and loses puck.
4:45 of 3rd period - Wrist shot by Antti Laaksonen.
4:45 of 3rd period - Shot Misses the Net.
4:47 of 3rd period - Snap shot by Jesse Winchester.
4:47 of 3rd period - Stopped by Karri Ramo without a rebound.
4:48 of 3rd period - Dave Bolland wins face-off versus Jesse Winchester in Punishers zone.
4:48 of 3rd period - Dave Bolland is hit by Sami Lepisto.
4:56 of 3rd period - Slapshot by Viktor Stalberg.
4:56 of 3rd period - Stopped by Al Montoya with a rebound.
4:58 of 3rd period - Snap shot by Mark Fraser.
4:58 of 3rd period - Deflect By Viktor Stalberg.
4:58 of 3rd period - Shot Blocked by Jesse Winchester.
4:58 of 3rd period - Puck is out of play.
4:59 of 3rd period - Alyn McCauley wins face-off versus Jesse Winchester in High Goats zone.
5:12 of 3rd period - Wrist shot by Jimmie Olvestad.
5:12 of 3rd period - Shot Blocked by Anton Stralman.
5:24 of 3rd period - Chris Stewart is hit by Adam Pineault and loses puck.
5:45 of 3rd period - Slapshot by Antti Laaksonen.
5:45 of 3rd period - Stopped by Karri Ramo with a rebound.
6:30 of 3rd period - Minor Penalty to Alyn McCauley for Holding.
6:31 of 3rd period - Mike Grier wins face-off versus Brendon Segal in Punishers zone.
6:40 of 3rd period - Slapshot by Sami Lepisto.
6:40 of 3rd period - Shot Misses the Net.
6:48 of 3rd period - Icing by Sami Lepisto.
6:49 of 3rd period - Brendon Segal wins face-off versus Mike Grier in High Goats zone.
8:30 of 3rd period - Penalty to Alyn McCauley is over, Alyn McCauley is back on ice.
8:51 of 3rd period - Slapshot by Kris Chucko.
8:51 of 3rd period - Stopped by Al Montoya with a rebound.
8:56 of 3rd period - Major Penalty to Drayson Bowman for Kneeing.
8:57 of 3rd period - Alyn McCauley wins face-off versus Jesse Winchester in High Goats zone.
9:58 of 3rd period - Chris Stewart is hit by Mike Grier and loses puck.
11:24 of 3rd period - Sami Lepisto is hit by Petteri Nokelainen and loses puck.
11:57 of 3rd period - Frederic St-Denis is hit by Petteri Nokelainen and loses puck.
13:02 of 3rd period - Antti Laaksonen is hit by Marc-André Bergeron.
13:56 of 3rd period - Penalty to Drayson Bowman is over, Drayson Bowman is back on ice.
14:36 of 3rd period - Minor Penalty to Frederic St-Denis for High sticking.
14:37 of 3rd period - Jesse Winchester wins face-off versus Alyn McCauley in High Goats zone.
16:36 of 3rd period - Penalty to Frederic St-Denis is over, Frederic St-Denis is back on ice.
16:43 of 3rd period - Off-side.
16:44 of 3rd period - Joël Perrault wins face-off versus Petteri Nokelainen in neutral zone.
16:51 of 3rd period - Slapshot by Joël Perrault.
16:51 of 3rd period - Shot Blocked by Mark Fraser.
16:53 of 3rd period - Wrist shot by Joël Perrault.
16:53 of 3rd period - Goal by Joël Perrault - Punishers : 5 - High Goats : 6.
16:54 of 3rd period - Petteri Nokelainen wins face-off versus Nick Bonino in neutral zone.
17:03 of 3rd period - Wrist shot by Kirk Maltby.
17:03 of 3rd period - Stopped by Al Montoya with a rebound.
17:09 of 3rd period - Snap shot by Kirk Maltby.
17:09 of 3rd period - Shot Blocked by Sami Lepisto.
17:29 of 3rd period - Off-side.
17:30 of 3rd period - Jesse Winchester wins face-off versus Petteri Nokelainen in neutral zone.
17:37 of 3rd period - Snap shot by Antti Laaksonen.
17:37 of 3rd period - Shot Misses the Net.
17:59 of 3rd period - Mike Grier is hit by Brandon Bollig and loses puck.
18:16 of 3rd period - Jiri Tlusty is hit by Chris Conner and loses puck.
19:00 of 3rd period - Slapshot by Antti Laaksonen.
19:00 of 3rd period - Deflect By Chris Stewart.
19:00 of 3rd period - Shot Misses the Net.
19:00 of 3rd period - Puck is out of play.
19:01 of 3rd period - John Anderson call a timeout for Punishers.
19:01 of 3rd period - Jesse Winchester wins face-off versus Dave Bolland in Punishers zone.
19:08 of 3rd period - Snap shot by Sami Lepisto.
19:08 of 3rd period - Shot Misses the Net.
19:10 of 3rd period - Wrist shot by Antti Laaksonen.
19:10 of 3rd period - Stopped by Karri Ramo with a rebound.
19:16 of 3rd period - Snap shot by Chris Stewart.
19:16 of 3rd period - Shot Misses the Net.
19:18 of 3rd period - Slapshot by Jesse Winchester.
19:18 of 3rd period - Stopped by Karri Ramo with a rebound.
19:20 of 3rd period - Wrist shot by Anton Stralman.
19:20 of 3rd period - Shot Misses the Net.
19:24 of 3rd period - Snap shot by Antti Laaksonen.
19:24 of 3rd period - Shot Misses the Net.
19:26 of 3rd period - Wrist shot by Sami Lepisto.
19:26 of 3rd period - Shot Misses the Net.
19:30 of 3rd period - Wrist shot by Jesse Winchester.
19:30 of 3rd period - Shot Misses the Net.
19:31 of 3rd period - Minor Penalty to Viktor Stalberg for Hooking.
19:32 of 3rd period - Joël Perrault wins face-off versus Kirk Maltby in Punishers zone.
19:39 of 3rd period - Wrist shot by Chris Stewart.
19:39 of 3rd period - Shot Misses the Net.
Output by the SimonT Hockey Simulator (STHS) for François Prévost -- Original Page W3C XHTML 1.0 Valid